 Dungeon Crawl Stone Soup version 0.25-a0-513-ge77a692 (webtiles) character file.

Game seed: 1125531372512073931, levelgen mode: deterministic

1139 wolfsongas the Covert (level 8, -10/46 HPs)
             Began as an Octopode Conjurer on Feb 15, 2020.
             Was a Follower of Qazlal.
             Mangled by Menkaure (24 damage)
             ... on level 6 of the Dungeon.
             The game lasted 00:15:00 (6433 turns).

wolfsongas the Covert (Octopode Conjurer)           Turns: 6433, Time: 00:15:01

Health: -10/46     AC:  2    Str:  8    XL:     8   Next: 37%
Magic:  0/15       EV: 13    Int: 24    God:    Qazlal [*.....]
Gold:   333        SH:  5    Dex: 12    Spells: 16/17 levels left

rFire    . . .     SeeInvis .   f - +3 dagger (venom)
rCold    . . .     Gourm    .   k - +0 buckler
rNeg     . . .     Faith    .   c - +1 hat
rPois    +         Spirit   .   (no amulet)
rElec    .         Reflect  .   g - ring of poison resistance
rCorr    .         Harm     .   (no ring)
MR       .....                  (no ring)
Stlth    ++++......             (no ring)
HPRegen  0.15/turn              (no ring)
MPRegen  0.14/turn              (no ring)
                                (no ring)
                                (no ring)

@: brilliant
A: almost no armour, stealthy swim, amphibious, 8 rings, constrict 8, camouflage
1, gelatinous body 1
a: Renounce Religion


You were on level 6 of the Dungeon.
You worshipped Qazlal.
Qazlal was aware of your devotion.
You were not hungry.

You visited 1 branch of the dungeon, and saw 6 of its levels.

You collected 333 gold pieces.

Inventory:

Hand Weapons
 f - a +3 dagger of venom (weapon)
Armour
 c - a +1 hat (worn)
 k - a +0 buckler (worn)
Jewellery
 g - a ring of poison resistance (left tentacle)
Wands
 b - a wand of flame (13)
 d - a wand of acid (9)
 o - a wand of digging (6)
Scrolls
 h - a scroll of amnesia
 i - 2 scrolls of remove curse
 l - a scroll of identify
 m - 2 scrolls of teleportation
Potions
 e - 2 potions of might
 j - a potion of brilliance
Comestibles
 p - 3 rations


   Skills:
 + Level 3.0 Dodging
 - Level 9.0 Stealth
 * Level 5.2 Spellcasting
 + Level 6.2 Conjurations


You had 16 spell levels left.
You knew the following spells:

 Your Spells              Type           Power        Failure   Level  Hunger
a - Magic Dart            Conj           ####         1%          1    None

Your spell library contained the following spells:

 Spells                   Type           Power        Failure   Level  Hunger
 Searing Ray              Conj           ######       1%          2    None
 Dazzling Flash           Conj/Hex       #####.       1%          3    ##.....
 Fulminant Prism          Conj/Hex       #####.....   4%          4    ####...
 Iskenderun's Mystic Bla  Conj/Tloc      #####...     4%          4    ####...


Dungeon Overview and Level Annotations

Branches:
Dungeon (6/15)
 Temple: D:4-7

Altars:
Kikubaaqudgha
Qazlal
Yredelemnul

Portals:
Abyss: D:3

Annotations:
D:3 2 transporters, HendSelp's ghost, amateur HOFi
D:6 Menkaure


Innate Abilities, Weirdness & Mutations

You cannot wear most types of armour.
You are very stealthy in the water. (Stealth+)
You are amphibious.
You can wear up to eight rings at the same time.
You can use your tentacles to constrict eight enemies at once.
Your skin changes colour to match your surroundings (Stealth+).
Your rubbery body absorbs attacks. (AC +1, EV +1)


Message History

You feel better. The phantom barely misses you. The iguana bites you!
You feel clever all of a sudden.
The phantom blinks!
The iguana closely misses you.
You feel better. The iguana barely misses you. You block Menkaure's attack.
Aiming: Upheaval
Press: ? - help, Dir - move target cursor You fail to use your ability.
You block the iguana's attack. Menkaure barely misses you.
Aiming: Upheaval
Press: ? - help, Dir - move target cursor A storm cloud blasts the area with cutting wind!
You can no longer call upon nature to destroy your foes.
The iguana bites you!
You hit the iguana.
The iguana is poisoned.
You grab the iguana. You squeeze the iguana!
The iguana is almost dead.
You constrict the iguana, but do no damage.
Menkaure hits you!!
Ouch! That really hurt!
You die...

...# ....# ### ### #####
..... ##.## #.# #...##
....#. #.<.# #.####...#
.....#
..####.####..#####.###.#...#
..............###M..........
...#..##......W.@l#....####.
. ##.#......#######†..#
......>..# #...###
...........# #$...M
#............#........
#.............#........
#.........##............
#.......... ##...........
.............


You could see a phantom, Menkaure and an iguana.

Vanquished Creatures
  A troll (D:6)
  Edmund (D:4)
  A phantom (D:5)
  A bullfrog (D:6)
  A quasit (D:5)
  2 hounds (D:4)
  3 orc priests (D:4)
  3 orc wizards (D:4)
  Ijyb (D:5)
  Jessica (D:2)
  5 worker ants
  A hound zombie (D:5)
  Robin (D:2)
  5 adders
  A howler monkey skeleton (D:5)
  A shadow imp (D:4)
  2 oozes
  5 worms
  A dart slug (D:2)
  5 leopard geckos
  10 orcs
  4 ball pythons
  6 giant cockroaches
  16 goblins
  4 hobgoblins
  5 jackals
  3 quokkas
  11 bats
  5 frilled lizards
  6 kobolds
  2 leopard gecko skeletons
  4 rats
118 creatures vanquished.

Vanquished Creatures (others)
  An adder skeleton (D:2)
1 creature vanquished.

Grand Total: 119 creatures vanquished

Notes
Turn   | Place    | Note
-------+----------+-------------------------------------------
     0 | D:1      | wolfsongas the Octopode Conjurer began the quest for the
                  | Orb.
     0 | D:1      | Reached XP level 1. HP: 11/11 MP: 3/3
   145 | D:1      | Reached skill level 3 in Stealth
   190 | D:1      | Reached XP level 2. HP: 10/17 MP: 3/5
   620 | D:1      | You fall into a shaft and drop 1 floor!
  1163 | D:2      | Reached XP level 3. HP: 21/21 MP: 3/6
  1208 | D:2      | Reached skill level 4 in Stealth
  1563 | D:2      | Noticed Robin
  1686 | D:2      | Reached XP level 4. HP: 22/27 MP: 0/7
  1980 | D:2      | Reached skill level 5 in Stealth
  2185 | D:2      | Killed Robin
  2396 | D:2      | Noticed Jessica
  2400 | D:2      | Killed Jessica
  2400 | D:2      | Reached XP level 5. HP: 31/31 MP: 4/9
  3092 | D:3      | Found a transporter.
  3096 | D:3      | Found a transporter.
  3106 | D:3      | Noticed a small abomination
  3121 | D:3      | Found a one-way gate to the infinite horrors of the Abyss.
  3121 | D:3      | Noticed HendSelp's ghost (amateur HOFi)
  3122 | D:3      | Noticed a big kobold
  3485 | D:3      | Found an ancient bone altar of Kikubaaqudgha.
  3639 | D:3      | Found a faded altar of an unknown god.
  3648 | D:3      | Became a worshipper of Qazlal Stormbringer
  3648 | D:3      | Reached * piety under Qazlal
  3650 | D:3      | Reached skill level 6 in Stealth
  3841 | D:4      | Noticed Edmund
  3899 | D:4      | Killed Edmund
  3899 | D:4      | Reached skill level 5 in Conjurations
  3899 | D:4      | Reached XP level 6. HP: 14/36 MP: 7/11
  4125 | D:4      | Reached skill level 7 in Stealth
  4371 | D:4      | Reached XP level 7. HP: 6/41 MP: 2/12
  4705 | D:4      | Reached skill level 8 in Stealth
  4739 | D:4      | Reached ** piety under Qazlal
  5466 | D:5      | Entered Level 5 of the Dungeon
  5466 | D:5      | Found a basalt altar of Yredelemnul.
  5584 | D:5      | Noticed Ijyb
  5595 | D:5      | Killed Ijyb
  5595 | D:5      | Reached skill level 9 in Stealth
  6398 | D:6      | Reached XP level 8. HP: 41/46 MP: 12/14
  6410 | D:6      | Noticed a troll
  6413 | D:6      | Noticed Menkaure
  6419 | D:6      | Killed a troll
  6419 | D:6      | Reached skill level 5 in Spellcasting
  6433 | D:6      | Mangled by Menkaure

Levels and vault maps discovered:
D:1:      elethiomel_arrival_maze, layout_basic, serial_curves, eino_curves_01,
          eino_curves_02, minmay_misc_feat_diagonals, minmay_tall_x
D:2:      layout_basic, nicolae_overflow_hidden_temple, lemuel_another_geyser,
          uniq_jessica, uniq_robin
D:3:      layout_rooms, kiku_gazebo_pond_becter, gammafunk_ghost_abyssal_escape,
          chequers_ecumenical_altar_island
D:4:      layout_loops_ring, serial_forest, infiniplex_forest_lined_room_3,
          infiniplex_forest_lined_room_2, infiniplex_forest_lined_1,
          infiniplex_forest_lined_ring, infiniplex_forest_lined_room_,
          infiniplex_forest_clump_cross, infiniplex_forest_end_1,
          infiniplex_forest_end_3, uniq_edmund
D:5:      layout_basic, yredelemnul_altar_generic, first_ration,
          hangedman_decor_growths, serial_bayou_lagoon_b, uniq_ijyb
D:6:      layout_cave_pools, lemuel_coloured_pillars_altar,
          kennysheep_mini_moat, uniq_menkaure

Skill      XL: |  1  2  3  4  5  6  7  8 |
---------------+-------------------------+-----
Stealth        | 3 4 5 6 7 9 |  9.0
Spellcasting   | 3 4 5 |  5.2
Conjurations   | 5 6 |  6.2
Dodging        | 3 |  3.0

Action                   |  1- 3 |  4- 6 |  7- 9 || total
-------------------------+-------+-------+-------++-------
Melee: Unarmed           |    15 |     6 |       ||    21
       Constrict         |     3 |    15 |    18 ||    36
       Tentacles         |     1 |    10 |    14 ||    25
       Dagger            |       |    38 |    72 ||   110
 Cast: Magic Dart        |    55 |   128 |    60 ||   243
Invok: Upheaval          |       |       |     3 ||     3
  Use: Scroll            |     6 |     7 |     2 ||    15
       Potion            |       |       |     6 ||     6
  Eat: Ration            |     1 |     2 |     1 ||     4
       Chunk             |       |     3 |     3 ||     6
Armor: Skin              |     2 |     4 |     3 ||     9
Dodge: Dodged            |    10 |    24 |    37 ||    71
Block: Buckler           |       |     5 |    13 ||    18

Table legend:
 A = Non-vault XP
 B = Vault XP
 C = Vault XP percentage of total XP
 D = Non-vault monster count
 E = Vault monster count
 F = Vault count percentage of total count
                 A         B        C        D         E       F
            +---------+---------+-------+---------+---------+-------
      Total |    1356 |     272 |  16.7 |     100 |      18 |  15.3
            +---------+---------+-------+---------+---------+-------
        D:1 |      19 |       7 |  26.9 |       9 |       4 |  30.8
        D:2 |      90 |      70 |  43.8 |      25 |      12 |  32.4
        D:3 |      99 |       0 |   0.0 |      24 |       0 |   0.0
        D:4 |     490 |     157 |  24.3 |      30 |       1 |   3.2
        D:5 |     214 |      38 |  15.1 |       8 |       1 |  11.1
        D:6 |     444 |       0 |   0.0 |       4 |       0 |   0.0
            +---------+---------+-------+---------+---------+-------
